 Dungeon Crawl Stone Soup version 0.23.2-1-ga50397a6bc (webtiles) character file.

Game seed: 4772128756323060162

68 Mrkan the Sneak (level 4, 0/33 HPs)
             Began as a Vampire Assassin on May 20, 2019.
             Killed by nerve-wracking pain
             ... invoked by an orc priest
              (7 damage)
             ... on level 3 of the Dungeon.
             The game lasted 00:04:20 (1782 turns).

Mrkan the Sneak (Vampire Assassin)                  Turns: 1782, Time: 00:04:20

Health: 0/33       AC:  3    Str: 10    XL:     4   Next: 1%
Magic:  4/4        EV: 13    Int: 13    God:
Gold:   81         SH:  0    Dex: 16    Spells: 3/3 levels left

rFire    . . .     SeeInvis +   a - +2 dagger
rCold    . . .     Gourm    .   (no shield)
rNeg     + . .     Faith    .   c - +0 robe
rPois    .         Spirit   .   (no helmet)
rElec    .         Reflect  .   d - +0 cloak
rCorr    .         Harm     .   (no gloves)
MR       .....                  (no boots)
Stlth    ++++......             (no amulet)
HPRegen  0.11/turn              (no ring)
MPRegen  0.09/turn              (no ring)

@: no status effects
A: fangs 3, see invisible, unbreathing
a: Bat Form


You were on level 3 of the Dungeon.
You were not thirsty.

You visited 1 branch of the dungeon, and saw 3 of its levels.

You collected 81 gold pieces.

Inventory:

Hand Weapons
 a - a +2 dagger (weapon)
 b - a +0 blowgun
Missiles
 e - 8 poisoned needles
 f - 2 curare-tipped needles
Armour
 c - a +0 robe (worn)
 d - a +0 cloak (worn)
 r - a +0 chain mail
Scrolls
 i - 2 scrolls of fog {unknown}
 l - a scroll of random uselessness {unknown}
 m - 3 scrolls of identify {unknown}
 n - a scroll of blinking {unknown}
 o - a scroll of teleportation {unknown}
 p - a scroll of magic mapping {unknown}
Potions
 g - 12 potions of blood
 h - 3 potions of curing {unknown}
 j - a potion of magic {unknown}
 k - a potion of agility {unknown}
 q - a potion of heal wounds {unknown}


   Skills:
 - Level 1.7 Fighting
 + Level 3.0 Short Blades
 - Level 1.5 Throwing
 + Level 2.2 Dodging
 * Level 7.3 Stealth


You had 3 spell levels left.
You didn't know any spells.
Your spell library was empty.

Dungeon Overview and Level Annotations

Branches:
Dungeon (3/15)

Altars:


Innate Abilities, Weirdness & Mutations

You have razor-sharp teeth.
You have supernaturally acute eyesight. (SInv)
You can survive without breathing.


Message History

The orc wizard flickers and vanishes for a moment.
The orc priest invokes the aid of Beogh against you.
Beogh smites you!
Ouch! That really hurt!
* * * LOW HITPOINT WARNING * * *
You hear a shout! x2
Found a stone staircase leading down.
You hit the orc.
The orc is severely wounded.
The orc misses you.
You hit the orc.
The orc is almost dead.
You hit the orc.
You kill the orc!
You have reached level 4!
The orc priest miscasts a cantrip.
The orc priest shouts!
The orc priest mumbles some strange prayers to Beogh against you.
Pain shoots through your body!
You die...

.o....o....[......>.#
...##..#####...#.#..#
... ##.## #....o...#
.g. #..# #.o.####.#
...# ##.# #.o....#.#
.....##.####....#.#o#
..........##....#<#.#
....≈≈≈≈..##....###o#
..............<.@g..#
........≈≈....#######
...................
#.#.)>......#.#....
≈≈≈######.#.#.#.###
.≈ ....#.# . ##...#.#
# #...#.# #...#


You could see an orc priest, an orc wizard (invisible), an orc and a goblin.

Vanquished Creatures
  2 adders (D:2)
  A dart slug (D:1)
  A leopard gecko (D:3)
  An orc (D:3)
  3 bats
  3 giant cockroaches
  9 goblins
  6 hobgoblins
  4 kobolds
  A quokka (D:2)
  A ball python (D:1)
  6 frilled lizards
  7 rats
45 creatures vanquished.

Vanquished Creatures (others)
  4 toadstools (D:1)
4 creatures vanquished.

Grand Total: 49 creatures vanquished

Notes
Turn   | Place    | Note
-------+----------+-------------------------------------------
     0 | D:1      | Mrkan the Vampire Assassin began the quest for the Orb.
     0 | D:1      | Reached XP level 1. HP: 16/16 MP: 1/1
    75 | D:1      | Reached skill level 6 in Stealth
   299 | D:1      | Reached XP level 2. HP: 22/22 MP: 2/2
   884 | D:2      | Reached XP level 3. HP: 26/27 MP: 3/3
  1056 | D:2      | Reached skill level 7 in Stealth
  1768 | D:3      | Reached XP level 4. HP: 5/33 MP: 4/4
  1782 | D:3      | Killed from afar by an orc priest

Skill      XL: |  1  2  3 |
---------------+----------+-----
Stealth        | 6 7 |  7.3
Dodging        | 2 |  2.2
Short Blades   | 3 |  3.0
Fighting       | |  1.7
Throwing       | |  1.5

Action                   |  1- 3 |  4- 6 || total
-------------------------+-------+-------++-------
Melee: Dagger            |   130 |       ||   130
       Bite              |     7 |       ||     7
  Use: Potion            |     2 |       ||     2
 Stab: Sleeping          |    10 |       ||    10
  Eat: Corpse            |     1 |       ||     1
Armor: Robe              |    23 |       ||    23
Dodge: Dodged            |    76 |       ||    76
